 Dungeon Crawl Stone Soup version 0.31-a0-435-g2c6fae2916 (webtiles) character file.

Game seed: 4448140654680198493

147 lunkers the Ruffian (level 5, -2/40 HPs)
             Began as a Meteoran Shapeshifter on Aug 1, 2023.
             Slain by Natasha (7 damage)
             ... on level 3 of the Dungeon.
             The game lasted 00:03:08 (1108 turns).

lunkers the Ruffian (Meteoran Shapeshifter)         Turns: 1108, Time: 00:03:09

Health: -2/40      AC:  6    Str: 17    XL:     5   Next: 85%
Magic:  6/6        EV: 10    Int:  9    God:
Gold:   85         SH:  5    Dex: 16    Spells: 4/4 levels left

rFire   . .          .
                       - Unarmed
rCold   . . .        (no shield)
rNeg    . . .        f - +0 scale mail
rPois   .            (helmet currently unavailable)
rElec   .            (cloak currently unavailable)
rCorr   .            (gloves currently unavailable)
SInv    +            (boots currently unavailable)
Will    .....        g - amulet of reflection Stlth
                     m - ring of see invisible
HPRegen 0.26/turn    (no ring)
MPRegen 0.10/turn

%: reflection
@: beast-form, slowed, glowing, very slow
A: beast (slay +3), sense surroundings 1, otherworldly, glowing, explore regen
a: Begin Untransformation


You were on level 3 of the Dungeon.
You were a hulking beast.
You visited 1 branch of the dungeon, and saw 5 of its levels.

You collected 85 gold pieces.

Inventory:

Armour
 a - a +0 animal skin
 f - a +0 scale mail (worn)
 j - a +0 helmet
 p - a +0 helmet
Jewellery
 g - an amulet of reflection (around neck)
 m - a ring of see invisible (left hand)
 n - an amulet of the acrobat
Talismans
 c - a beast talisman (active)
Scrolls
 e - 3 scrolls of amnesia {unknown}
 k - a scroll of blinking {unknown}
 l - a scroll of immolation {unknown}
 o - 2 scrolls of identify {unknown}
 q - a scroll of teleportation {unknown}
Potions
 b - 2 potions of lignification
 d - a potion of brilliance {unknown}
 h - 3 potions of berserk rage {unknown}
 i - 2 potions of heal wounds {unknown}


   Skills:
 - Level 1.1 Fighting
 - Level 2.4 Dodging
 * Level 6.1 Unarmed Combat
 + Level 4.6 Shapeshifting


You had 4 spell levels left.
You didn't know any spells.
Your spell library was empty.

Dungeon Overview and Level Annotations

Branches:
Dungeon (5/15) Zot: 1889
 Temple: D:4-7

Altars:
Elyvilon

Annotations:
D:3 Natasha


Innate Abilities, Weirdness & Mutations

You are a hulking beast.
Your limbs bulge with bestial killing power. (Slay +3)
You passively map a small area around you.
You are easily found by Zot.
You glow in the dark.
You regain HP and MP as you explore.


Message History

The cerulean imp hits you with a +1 spear.
* * * LOW HITPOINT WARNING * * *
You block the kobold's attack.
Natasha mumbles some strange words.
Natasha glows brightly for a moment.
Natasha claws you!
* * * LOW HITPOINT WARNING * * *
You block the cerulean imp's attack.
The cerulean imp hits you but does no damage.
You hit Natasha.
Natasha is almost dead.
The kobold hits you with a +0 short sword.
* * * LOW HITPOINT WARNING * * *
Natasha casts a spell at you.
The magic dart hits you but does no damage.
The cerulean imp hits you with a +1 spear.
* * * LOW HITPOINT WARNING * * *
The cerulean imp barely misses you.
You barely miss Natasha.
Natasha is almost dead.
The kobold hits you but does no damage. You block Natasha's attack.
The cerulean imp hits you with a +1 spear.
* * * LOW HITPOINT WARNING * * *
The cerulean imp closely misses you.
Unknown command.
You closely miss Natasha.
Natasha is almost dead.
The cerulean imp hits you with a +1 spear.
* * * LOW HITPOINT WARNING * * *
The kobold hits you with a +0 short sword.
* * * LOW HITPOINT WARNING * * *
Natasha howls an incantation.
Natasha shimmers violently.
You block Natasha's attack.
The cerulean imp hits you but does no damage.
You block the cerulean imp's attack.
The kobold hits you with a +0 short sword.
* * * LOW HITPOINT WARNING * * *
Natasha claws you!
You die...

* * * #######. , *
####....... , ..#.#
#........# .#.## *
#........# #. *
,..... *
#.)......#... ,
...* *
#........'... , ,
... #...5[h..# ,
#.# #...5hK..# , ,
#.#
###........#.... ,
#>##
..##...####....
#..#*#.##...# #....
#..###.##...# #.◎..
#....#.##...####...
, *
#.##.#.##.....##..#
*
#.##.#.##)..#.##..#
, , ,
#.##..............#
, ,


You could see Natasha, 2 cerulean imps and a kobold.

Vanquished Creatures
  A sleepcap (D:4)
  2 iguanas (D:4)
  Robin (D:4)
  A worm (D:4)
  An orc (D:2)
  2 bats (D:2)
  4 endoplasms
  3 giant cockroaches
  13 goblins
  7 hobgoblins
  A quokka (D:4)
  2 frilled lizards
  4 kobolds
  9 rats
51 creatures vanquished.

Notes
Turn   | Place    | Note
-------+----------+-------------------------------------------
     0 | D:1      | lunkers the Meteoran Shapeshifter began the quest for the
                  | Orb.
     0 | D:1      | Reached XP level 1. HP: 16/16 MP: 2/2
    14 | D:1      | Found a faded altar of an unknown god.
    69 | D:1      | Reached skill level 4 in Unarmed Combat
    69 | D:1      | Reached XP level 2. HP: 23/23 MP: 3/3
   294 | D:1      | Reached XP level 3. HP: 27/28 MP: 4/4
   767 | D:3      | Found a white marble altar of Elyvilon.
   847 | D:3      | You fall into a shaft and drop 2 floors!
   847 | D:5      | Entered Level 5 of the Dungeon
   891 | D:4      | Noticed Robin
   912 | D:4      | Reached XP level 4. HP: 35/35 MP: 5/5
   926 | D:4      | Killed Robin
   927 | D:4      | Reached skill level 5 in Unarmed Combat
   952 | D:4      | Reached XP level 5. HP: 5/40 MP: 6/6
  1071 | D:4      | Reached skill level 6 in Unarmed Combat
  1097 | D:3      | Noticed Natasha
  1108 | D:3      | Slain by Natasha

Illustrated notes

Levels and vault maps discovered:
D:1:      dpeg_arrival_ratfight, layout_loops_ring,
          shapermc_ecumenical_altar_notcrosses, minmay_split_cup_small
D:2:      layout_loops_cross, serial_bayou_lake_a
D:3:      layout_basic, nicolae_elyvilon_temple_path, kennysheep_generic_room_4,
          uniq_grinder, uniq_natasha
D:4:      layout_basic, fiery_altar_vehumet, led_sif_book, uniq_robin
D:5:      layout_basic, mainiacjoe_overflow_paths, temple_statues, uniq_duvessa,
          uniq_eustachio, uniq_menkaure

Skill      XL: |  1  2  3  4  5 |
---------------+----------------+-----
Unarmed Combat | 4 5 6 |  6.1
Shapeshifting  | 4 |  4.6
Fighting       | |  1.1
Dodging        | |  2.4

Action                     |  1- 3 |  4- 6 || total
---------------------------+-------+-------++-------
  Melee: Unarmed           |    90 |    60 ||   150
         Punch             |     2 |     1 ||     3
 Armour: Animal skin       |     7 |       ||     7
         Scale mail        |    31 |    13 ||    44
  Dodge: Dodged            |    31 |    15 ||    46
  Block: Other             |     2 |    13 ||    15

Table legend: (Time is in decaauts)
 A = Elapsed time spent in this place.
 B = Non-inter-level travel time spent in this place.
 C = Inter-level travel time spent in this place.
 D = Time resting spent in this place.
 E = Time spent auto-exploring this place.
 F = Levels seen in this place.
 G = Mean time per level.
                   A        B        C        D        E       F      G
               +--------+--------+--------+--------+--------+-----+--------+
         Total |   1108 |   1108 |      0 |      0 |    585 |   5 |  221.6 |
       Dungeon |   1108 |   1108 |      0 |      0 |    585 |   5 |  221.6 |
               +--------+--------+--------+--------+--------+-----+--------+

Top non-repeatable levels by time:
     D:2: 397 daAuts
     D:1: 330 daAuts
     D:4: 175 daAuts
     D:3: 160 daAuts
     D:5: 43 daAuts
